PAAA
BAKERSFIELD NOBLES @ PLYMOUTH ROCKS
07/21/2042
 
TOP OF THE 1ST
Bakersfield Nobles batting - Pitching for Plymouth Rocks : RHP Colton Moonfall
Pitching: RHP Colton Moonfall
Batting: LHB Roldão Cintra 0-0: Swinging Strike
0-1: Called Strike
0-2: Ball
1-2: Strikes out swinging
Batting: SHB Glyn Bolasky 0-0: Called Strike
0-1: Foul Ball, location: 2F
0-2: Fly out, F8 (Flyball, 8RM, EV 88.8 MPH)
Batting: RHB Ryoichi Yoshida 0-0: Ball
1-0: Ball
2-0: Ball
3-0: Called Strike
3-1: Ground out 5-3 (Groundball, 5, EV 83.8 MPH)
Top of the 1st over - 0 runs, 0 hits, 0 errors, 0 left on base; Bakersfield 0 - Plymouth 0
BOTTOM OF THE 1ST
Plymouth Rocks batting - Pitching for Bakersfield Nobles : RHP Alberto López
Pitching: RHP Alberto López
Batting: LHB You-liang Yang 0-0: SINGLE (Flyball, 89S, EV 96.9 MPH)
Batting: RHB Elias den Blick 0-0: Foul Ball, location: 2F
0-1: Ball
1-1: Foul Ball, location: 2F
1-2: Foul Ball, location: 2F
1-2: DOUBLE (Line Drive, 7LM, EV 112.5 MPH)
You-liang Yang to third
Runner from 3rd tries for Home, SAFE, no throw by LF
Batting: LHB Jesús Guillén 0-0: Swinging Strike
0-1: Ground out 4-3 (Groundball, 4D, EV 90.0 MPH)
Elias den Blick to third
Batting: LHB Rafael Martínez 0-0: Fly out, F9 (Flyball, 9LS, EV 86.2 MPH)
Batting: RHB Jaime Burgos 0-0: Fly out, F8 (Flyball, 8LXD, EV 98.8 MPH)
Bottom of the 1st over - 1 run, 2 hits, 0 errors, 1 left on base; Bakersfield 0 - Plymouth 1
TOP OF THE 2ND
Bakersfield Nobles batting - Pitching for Plymouth Rocks : RHP Colton Moonfall
Batting: SHB Roberto Castillo 0-0: Fly out, F6 (Line Drive, 6, EV 63.8 MPH)
Batting: RHB Domingo Reyes 0-0: SINGLE (Flyball, 9LS, EV 93.1 MPH)
Batting: RHB Chut-sai Meng 0-0: Swinging Strike
0-1: Called Strike
0-2: Fly out, F9 (Flyball, 89D, EV 109.4 MPH)
Batting: LHB Kevin de Bruyne 0-0: Swinging Strike
0-1: SINGLE (Line Drive, 78M, EV 85.0 MPH)
Domingo Reyes to second
Batting: RHB Corey Ollerton 0-0: Fly out, F7 (Flyball, 7LS, EV 93.8 MPH)
Top of the 2nd over - 0 runs, 2 hits, 0 errors, 2 left on base; Bakersfield 0 - Plymouth 1
BOTTOM OF THE 2ND
Plymouth Rocks batting - Pitching for Bakersfield Nobles : RHP Alberto López
Batting: RHB Josip Primorac 0-0: Ball
1-0: Ball
2-0: Swinging Strike
2-1: Ball
3-1: Base on Balls
Batting: LHB Pedro Marrero 0-0: Grounds into double play, 1-6-3 (Groundball, P, EV 81.2 MPH)
Batting: RHB Curt Taylor 0-0: Ground out 5-3 (Groundball, 56S, EV 91.2 MPH)
Bottom of the 2nd over - 0 runs, 0 hits, 0 errors, 0 left on base; Bakersfield 0 - Plymouth 1
TOP OF THE 3RD
Bakersfield Nobles batting - Pitching for Plymouth Rocks : RHP Colton Moonfall
Batting: RHB Carlos Miranda 0-0: Foul Ball, location: 2F
0-1: Ball
1-1: Fly out, F5 (Line Drive, 5, EV 61.9 MPH)
Batting: LHB Roldão Cintra 0-0: Ball
1-0: Ball
2-0: Ball
3-0: Called Strike
3-1: Foul Ball, location: 2F
3-2: Fly out, F3 (Line Drive, 3, EV 61.9 MPH)
Batting: SHB Glyn Bolasky 0-0: Ball
1-0: Ball
2-0: Ball
3-0: Base on Balls
Batting: RHB Ryoichi Yoshida 0-0: Ball
1-0: Foul Ball, location: 2F
1-1: Ball
2-1: Fly out, F3 (Popup, 3S, EV 73.1 MPH)
Top of the 3rd over - 0 runs, 0 hits, 0 errors, 1 left on base; Bakersfield 0 - Plymouth 1
BOTTOM OF THE 3RD
Plymouth Rocks batting - Pitching for Bakersfield Nobles : RHP Alberto López
Batting: RHB António Avery 0-0: Called Strike
0-1: Swinging Strike
0-2: Strikes out looking
Batting: LHB You-liang Yang 0-0: Called Strike
0-1: Foul Ball, location: 2F
0-2: Ball
1-2: Strikes out swinging
Batting: RHB Elias den Blick 0-0: Foul Ball, location: 2F
0-1: Swinging Strike
0-2: Ball
1-2: Ball
2-2: Strikes out swinging
Bottom of the 3rd over - 0 runs, 0 hits, 0 errors, 0 left on base; Bakersfield 0 - Plymouth 1
TOP OF THE 4TH
Bakersfield Nobles batting - Pitching for Plymouth Rocks : RHP Colton Moonfall
Batting: SHB Roberto Castillo 0-0: Ball
1-0: Ball
2-0: SOLO HOME RUN (Flyball, 8LXD, EV 98.1 MPH), Distance : 443 ft
Batting: RHB Domingo Reyes 0-0: Ball
1-0: Ground out 1-3 (Groundball, 34S, EV 77.5 MPH)
Batting: RHB Chut-sai Meng 0-0: Ground out 6-3 (Groundball, 6, EV 104.4 MPH)
Batting: LHB Kevin de Bruyne 0-0: Called Strike
0-1: Swinging Strike
0-2: Ball
1-2: Fly out, F4 (Line Drive, 4, EV 64.4 MPH)
Top of the 4th over - 1 run, 1 hit, 0 errors, 0 left on base; Bakersfield 1 - Plymouth 1
BOTTOM OF THE 4TH
Plymouth Rocks batting - Pitching for Bakersfield Nobles : RHP Alberto López
Batting: LHB Jesús Guillén 0-0: Ball
1-0: Ball
2-0: Fly out, F8 (Flyball, 89D, EV 108.1 MPH)
Batting: LHB Rafael Martínez 0-0: Called Strike
0-1: Ball
1-1: Called Strike
1-2: Ball
2-2: Strikes out swinging
Batting: RHB Jaime Burgos 0-0: Ball
1-0: Ball
2-0: Called Strike
2-1: Ball
3-1: Swinging Strike
3-2: Foul Ball, location: 2F
3-2: Fly out, F7 (Flyball, 78M, EV 98.8 MPH)
Bottom of the 4th over - 0 runs, 0 hits, 0 errors, 0 left on base; Bakersfield 1 - Plymouth 1
TOP OF THE 5TH
Bakersfield Nobles batting - Pitching for Plymouth Rocks : RHP Colton Moonfall
Batting: RHB Corey Ollerton 0-0: Ball
1-0: Foul Ball, location: 2F
1-1: Ball
2-1: Ball
3-1: Ground out 6-3 (Groundball, 6, EV 86.9 MPH)
Batting: RHB Carlos Miranda 0-0: Foul Ball, location: 2F
0-1: Ball
1-1: Ball
2-1: Ball
3-1: Fly out, F6 (Line Drive, 6, EV 74.4 MPH)
Batting: LHB Roldão Cintra 0-0: Called Strike
0-1: Fly out, F9 (Line Drive, 9D, EV 95.6 MPH)
Top of the 5th over - 0 runs, 0 hits, 0 errors, 0 left on base; Bakersfield 1 - Plymouth 1
BOTTOM OF THE 5TH
Plymouth Rocks batting - Pitching for Bakersfield Nobles : RHP Alberto López
Batting: RHB Josip Primorac 0-0: Ball
1-0: Ground out 6-3 (Groundball, 6D, EV 110.6 MPH)
Batting: LHB Pedro Marrero 0-0: Ball
1-0: Called Strike
1-1: Foul Ball, location: 2F
1-2: Strikes out swinging
Batting: RHB Curt Taylor 0-0: Foul Ball, location: 2F
0-1: Ball
1-1: Ground out 5-3 (Groundball, 56, EV 81.2 MPH)
Bottom of the 5th over - 0 runs, 0 hits, 0 errors, 0 left on base; Bakersfield 1 - Plymouth 1
TOP OF THE 6TH
Bakersfield Nobles batting - Pitching for Plymouth Rocks : RHP Colton Moonfall
Batting: SHB Glyn Bolasky 0-0: Ball
1-0: Foul Ball, location: 2F
1-1: Ball
2-1: Called Strike
2-2: Ball
3-2: Fly out, F9 (Line Drive, 9, EV 95.0 MPH)
Batting: RHB Ryoichi Yoshida 0-0: Called Strike
0-1: DOUBLE (Flyball, 8LXD, EV 104.4 MPH)
Batting: SHB Roberto Castillo 0-0: Ball
1-0: Ball
2-0: Reached on error, E4 (Groundball, 4, EV 83.8 MPH)
Ryoichi Yoshida scores
Batting: RHB Domingo Reyes 0-0: Called Strike
0-1: Called Strike
0-2: Ball
1-2: Ball
2-2: SINGLE (Line Drive, 4M, EV 101.9 MPH)
Roberto Castillo to third
Batting: RHB Chut-sai Meng 0-0: SINGLE (Groundball, 6D, EV 107.5 MPH)
Roberto Castillo scores
Domingo Reyes to second
Batting: LHB Kevin de Bruyne 0-0: Ball
1-0: Called Strike
1-1: Called Strike
Domingo Reyes is caught stealing 3rd base 2-5
Chut-sai Meng to second
1-2: Ball
2-2: Fly out, F9 (Line Drive, 9, EV 105.6 MPH)
Top of the 6th over - 2 runs, 3 hits, 1 error, 1 left on base; Bakersfield 3 - Plymouth 1
BOTTOM OF THE 6TH
Plymouth Rocks batting - Pitching for Bakersfield Nobles : RHP Alberto López
Batting: RHB António Avery 0-0: Ground out 4-3 (Groundball, 4, EV 84.4 MPH)
Batting: LHB You-liang Yang 0-0: Ground out 5-3 (Groundball, 56S, EV 67.5 MPH)
Batting: RHB Elias den Blick 0-0: Ground out 5-3 (Groundball, 56, EV 108.1 MPH)
Bottom of the 6th over - 0 runs, 0 hits, 0 errors, 0 left on base; Bakersfield 3 - Plymouth 1
TOP OF THE 7TH
Bakersfield Nobles batting - Pitching for Plymouth Rocks : RHP Colton Moonfall
Batting: RHB Corey Ollerton 0-0: Ball
1-0: Ball
2-0: Ball
3-0: Base on Balls
Batting: RHB Carlos Miranda 0-0: Bunt missed!
0-1: Ball
1-1: Sac Bunt to P - play at first, batter OUT! 1-4
Corey Ollerton to second
Batting: LHB Roldão Cintra 0-0: Called Strike
0-1: SINGLE (Flyball, 7LM, EV 91.2 MPH)
Corey Ollerton to third
Runner from 3rd tries for Home, SAFE, throw by LF to home
Batting: SHB Glyn Bolasky 0-0: Ball
Roldão Cintra steals 2nd base
1-0: Intentional Walk
Batting: RHB Ryoichi Yoshida 0-0: Called Strike
Roldão Cintra steals 3rd base
Glyn Bolasky to second
0-1: Foul Ball, location: 2F
0-2: Ground out 4-3 (Groundball, 4M, EV 88.8 MPH)
Roldão Cintra scores
Glyn Bolasky to third
Batting: SHB Roberto Castillo 0-0: Ground out U3 (Groundball, 3, EV 102.5 MPH)
Top of the 7th over - 2 runs, 1 hit, 0 errors, 1 left on base; Bakersfield 5 - Plymouth 1
BOTTOM OF THE 7TH
Plymouth Rocks batting - Pitching for Bakersfield Nobles : RHP Alberto López
Batting: LHB Jesús Guillén 0-0: Ground out U3 (Groundball, 3, EV 101.2 MPH)
Batting: LHB Rafael Martínez 0-0: Called Strike
0-1: Ground out U3 (Groundball, 34, EV 106.9 MPH)
Batting: RHB Jaime Burgos 0-0: Ball
1-0: Called Strike
1-1: Swinging Strike
1-2: Ground out 4-3 (Groundball, 4M, EV 104.4 MPH)
Bottom of the 7th over - 0 runs, 0 hits, 0 errors, 0 left on base; Bakersfield 5 - Plymouth 1
TOP OF THE 8TH
Bakersfield Nobles batting - Pitching for Plymouth Rocks : RHP Colton Moonfall
Batting: RHB Domingo Reyes 0-0: Ball
1-0: Foul Ball, location: 2F
1-1: Foul Ball, location: 2F
1-2: Strikes out swinging
Batting: RHB Chut-sai Meng 0-0: Ball
1-0: SINGLE (Flyball, 9LM, EV 93.8 MPH)
Pitching: RHP Driscoll Craft
Batting: LHB Kevin de Bruyne 0-0: Ball
Chut-sai Meng is caught stealing 2nd base 2-6
1-0: Foul Ball, location: 2F
1-1: Foul Ball, location: 2F
1-2: Ball
2-2: Ball
3-2: DOUBLE (Line Drive, 78D, EV 99.4 MPH)
Batting: RHB Corey Ollerton 0-0: Ball
1-0: 2-RUN HOME RUN (Flyball, 78XD, EV 105.0 MPH), Distance : 453 ft
Batting: RHB Carlos Miranda 0-0: Ball
1-0: Called Strike
1-1: Ball
2-1: Foul Ball, location: 2F
2-2: Ground out U3 (Groundball, 3S, EV 90.0 MPH)
Top of the 8th over - 2 runs, 3 hits, 0 errors, 0 left on base; Bakersfield 7 - Plymouth 1
BOTTOM OF THE 8TH
Plymouth Rocks batting - Pitching for Bakersfield Nobles : RHP Alberto López
Batting: RHB Josip Primorac 0-0: Called Strike
0-1: Foul Ball, location: 2F
0-2: Ball
1-2: Strikes out swinging
Batting: LHB Pedro Marrero 0-0: Ball
1-0: Called Strike
1-1: Ball
2-1: Foul Ball, location: 2F
2-2: Strikes out swinging
Batting: RHB Curt Taylor 0-0: Fly out, F5 (Line Drive, 5, EV 70.6 MPH)
Bottom of the 8th over - 0 runs, 0 hits, 0 errors, 0 left on base; Bakersfield 7 - Plymouth 1
TOP OF THE 9TH
Bakersfield Nobles batting - Pitching for Plymouth Rocks : RHP Driscoll Craft
Batting: LHB Roldão Cintra 0-0: Ball
1-0: Called Strike
1-1: Ball
2-1: Ball
3-1: Base on Balls
Batting: SHB Glyn Bolasky 0-0: Ball
Roldão Cintra steals 2nd base
1-0: Ball
2-0: Ball
3-0: Base on Balls
Batting: RHB Ryoichi Yoshida 0-0: Called Strike
Roldão Cintra steals 3rd base (no throw)
Glyn Bolasky to second
0-1: Foul Ball, location: 2F
0-2: Ball
1-2: Ball
Wild Pitch!
Roldão Cintra scores
Glyn Bolasky to third
2-2: Ball
3-2: Strikes out swinging
Batting: SHB Roberto Castillo 0-0: Ball
1-0: Ground out U3 (Groundball, 34, EV 88.1 MPH)
Glyn Bolasky scores
Batting: RHB Domingo Reyes 0-0: Fly out, F9 (Flyball, 89D, EV 86.9 MPH)
Top of the 9th over - 2 runs, 0 hits, 0 errors, 0 left on base; Bakersfield 9 - Plymouth 1
BOTTOM OF THE 9TH
Plymouth Rocks batting - Pitching for Bakersfield Nobles : RHP Alberto López
Batting: RHB António Avery 0-0: Ball
1-0: Foul Ball, location: 2F
1-1: Swinging Strike
1-2: Fly out, F1 (Line Drive, P, EV 64.4 MPH)
Batting: LHB You-liang Yang 0-0: Ball
1-0: Ball
2-0: SINGLE (Groundball, 34, EV 105.6 MPH) (infield hit)
Batting: RHB Elias den Blick 0-0: Ball
1-0: Fielders Choice at 2nd, 2-4 (Groundball, 2L, EV 65.0 MPH)
Batting: LHB Jesús Guillén 0-0: Fly out, F4 (Popup, 3D, EV 71.2 MPH)
Bottom of the 9th over - 0 runs, 1 hit, 0 errors, 1 left on base; Bakersfield 9 - Plymouth 1
Friday, March 26th, 2021 - OOTP Baseball 20.8 Build 74